 Dungeon Crawl Stone Soup version 0.30.1-11-g7821555f0a (webtiles) character file.

Game seed: 15791182705798868093

372 KittyFluff the Covered (level 6, -1/58 HPs)
             Began as a Gargoyle Berserker on Nov 4, 2023.
             Was a Believer of Trog.
             Slain by Duvessa
             ... wielding a +0 rapier
              (4 damage)
             ... on level 4 of the Dungeon.
             The game lasted 00:10:35 (2365 turns).

KittyFluff the Covered (Gargoyle Berserker)         Turns: 2365, Time: 00:10:36

Health: -1/58      AC: 12    Str: 23    XL:     6   Next: 71%
Magic:  6/6        EV: 12    Int:  7    God:    Trog [**....]
Gold:   205        SH:  0    Dex:  9    Spells: 5/5 levels left

rFire   . . .        q - +0 lajatang
rCold   . . .        (shield currently unavailable)
rNeg    + . .        g - +0 leather armour
rPois   ∞            l - +0 helmet
rElec   +            d - +2 cloak
rCorr   .            (no gloves)
SInv    .            (no boots)
Will    .....        (no amulet) Stlth
                     (no ring)
HPRegen 0.29/turn    (no ring)
MPRegen 0.10/turn

%: no passive effects
@: berserking, very quick
A: sickness immunity, AC +4, negative energy resistance 1, electricity
resistance, torment resistance 1, petrification resistance
a: Renounce Religion, Berserk, Trog's Hand


You were on level 4 of the Dungeon.
You worshipped Trog.
Trog was pleased with you.
You visited 1 branch of the dungeon, and saw 4 of its levels.

You collected 205 gold pieces.

Inventory:

Hand Weapons
 a - a +0 mace
 o - a +0 sling
 q - a +0 lajatang (weapon)
Missiles
 p - 6 curare-tipped darts
 y - 5 boomerangs (quivered)
Armour
 d - a +2 cloak (worn)
 g - a +0 leather armour (worn)
 l - a +0 helmet (worn)
Wands
 r - a wand of digging (7)
Scrolls
 h - 3 scrolls of amnesia {unknown}
 j - 2 scrolls of noise {unknown}
 k - 3 scrolls of teleportation {unknown}
 t - a scroll of butterflies {unknown}
 v - a scroll of enchant armour {unknown}
 w - a scroll of fog {unknown}
 z - a scroll of enchant weapon {unknown}
 A - a scroll of silence {unknown}
Potions
 b - a potion of berserk rage
 c - 2 potions of cancellation
 e - a potion of ambrosia
 f - 6 potions of curing
 i - a potion of might
 n - a potion of haste {unknown}
 s - 2 potions of lignification {unknown}
 u - a potion of invisibility {unknown}
 x - 3 potions of degeneration {unknown}


   Skills:
 + Level 4.3 Fighting
 - Level 3.7(4.2) Maces & Flails
 * Level 2.9(3.8) Staves
 * Level 4.6 Armour
 + Level 2.6 Dodging


You had 5 spell levels left.
You didn't know any spells.
Your spell library was empty.

Dungeon Overview and Level Annotations

Branches:
Dungeon (4/15)
 Temple: D:4-7

Altars:
Dithmenos
Elyvilon
Fedhas
Kikubaaqudgha
Makhleb
Sif Muna
Uskayaw
Wu Jian
The Shining One

Shops:
D:2 (

Annotations:
D:4 Duvessa


Innate Abilities, Weirdness & Mutations

You are immune to sickness and miasma.
Your stone body is resilient. (AC +4)
You are immune to poison.
You resist negative energy. (rN+)
You are resistant to electric shocks. (rElec)
You are resistant to unholy torment.
You are immune to petrification.


Message History

You slash Dowan!
You kill Dowan!
Trog accepts your kill.
Trog appreciates your killing of a magic user.
You hear a distant scream of rage.
You start resting.
You are no longer glowing.
f - 6 potions of curing (gained 2)
Things that are here:
a +0 dagger; a +0 robe You start resting.
HP restored.
Things that are here:
a +0 dagger; a +0 robe
Found a shimmering blue altar of Sif Muna.
Duvessa, Sister of Dowan comes into view.
She is wielding a +0 rapier.
Duvessa shouts!
Duvessa goes berserk!
Duvessa hits you but does no damage.
You closely miss Duvessa. Duvessa hits you with a +0 rapier!
A red film seems to cover your vision as you go berserk!
You feel yourself moving faster!
You feel mighty! Duvessa closely misses you. Duvessa hits you with a +0 rapier!
You closely miss Duvessa. Duvessa hits you with a +0 rapier!
* * * LOW HITPOINT WARNING * * *
You slash Duvessa!
Duvessa is moderately wounded.
Duvessa hits you but does no damage.
You hit Duvessa but do no damage.
Duvessa is moderately wounded.
Duvessa barely misses you.
You slash Duvessa!
Duvessa is moderately wounded.
Duvessa hits you with a +0 rapier!
* * * LOW HITPOINT WARNING * * *
Duvessa misses you.
You hit Duvessa.
Duvessa is heavily wounded.
Duvessa hits you with a +0 rapier.
You die...

#+#.# #.# #.#
####### #.#
####.....# #.#
#...)#...##
#.###....##...##
#.#....#####...##
#.#.#..# ##...##
#<#.#..# ##@..##
#.#.#.## #e#...##
#.#.#.# ..###.:.#
#.#.#.# #.. #._.#
#.#.#.# ## #####
#.#.#..
#.#.#######
#..........
#...#######


You could see Duvessa (berserk).

Vanquished Creatures
  Sigmund (D:3)
  Dowan (D:4)
  Natasha (twice) (D:3)
  An iguana (D:4)
  5 adders
  2 worms
  3 ball pythons
  8 endoplasms
  A giant cockroach (D:4)
  2 goblins (D:3)
  3 hobgoblins
  3 kobolds
  4 quokkas
  5 bats
  2 frilled lizards
  6 rats
49 creatures vanquished.

Notes
Turn   | Place    | Note
-------+----------+-------------------------------------------
     0 | D:1      | KittyFluff the Gargoyle Berserker began the quest for the
                  | Orb.
     0 | D:1      | Reached XP level 1. HP: 14/14 MP: 1/1
   204 | D:1      | Reached XP level 2. HP: 19/19 MP: 2/2
   625 | D:2      | Reached XP level 3. HP: 23/23 MP: 3/3
   691 | D:2      | Found a blossoming altar of Fedhas.
   728 | D:2      | Reached ** piety under Trog
   779 | D:2      | Found Gonuh's Weapon Boutique.
  1114 | D:3      | Noticed Natasha
  1188 | D:3      | Reached XP level 4. HP: 29/29 MP: 4/4
  1233 | D:3      | Found a white marble altar of Elyvilon.
  1236 | D:3      | Found a burning altar of Makhleb.
  1248 | D:3      | Found an ancient bone altar of Kikubaaqudgha.
  1251 | D:3      | Found a shadowy altar of Dithmenos.
  1258 | D:3      | Found a hide-covered altar of Uskayaw.
  1259 | D:3      | Noticed Sigmund
  1264 | D:3      | Killed Sigmund
  1265 | D:3      | Reached XP level 5. HP: 33/33 MP: 5/5
  1267 | D:3      | Killed Natasha
  1268 | D:3      | Reached XP level 6. HP: 38/38 MP: 6/6
  1268 | D:3      | Found a glowing golden altar of the Shining One.
  1335 | D:3      | Noticed Natasha
  1344 | D:3      | Killed Natasha
  2049 | D:4      | Found an ornate altar of the Wu Jian Council.
  2062 | D:4      | Noticed a spectral centipede
  2062 | D:4      | Noticed a spectral black mamba
  2062 | D:4      | Noticed a spectral cane toad
  2291 | D:4      | Noticed Dowan
  2304 | D:4      | Killed Dowan
  2349 | D:4      | Found a shimmering blue altar of Sif Muna.
  2357 | D:4      | Noticed Duvessa
  2365 | D:4      | Slain by Duvessa

Illustrated notes

Levels and vault maps discovered:
D:1:      wander_arrival_desolate, layout_rooms
D:2:      layout_basic, serial_shops, nicolae_shop_bloodbath_and_beyond,
          basic_altar
D:3:      layout_rooms, nicolae_overflow_hallway_of_the_gods,
          kennysheep_crisscross, kennysheep_big_empty_room,
          hangedman_decor_slide_cut, uniq_sigmund, uniq_natasha
D:4:      layout_basic, nzn_overflow_gifts_of_might_and_magic,
          pdpol_wu_jian_five_deadly_venoms, minmay_fractal_squares_diagonal_5,
          uniq_robin

Skill      XL: |  1  2  3  4 |
---------------+-------------+-----
Armour         | 3 4 |  4.6
Dodging        | 2 |  2.6
Fighting       | 4 |  4.3
Staves         | 2 |  2.9
Maces & Flails | |  3.7

Action                     |  1- 3 |  4- 6 || total
---------------------------+-------+-------++-------
  Melee: Mace              |   101 |     2 ||   103
         Lajatang          |       |    52 ||    52
  Throw: Dart              |       |     1 ||     1
 Invoke: Berserk           |       |     1 ||     1
    Use: Scroll            |       |     5 ||     5
 Armour: Leather armour    |    55 |    18 ||    73
  Dodge: Dodged            |    63 |    28 ||    91
